Map: Port Aleksander LE

Players

Smileblind - Winner!

  • Race: Protoss Protoss
  • League: Silver
  • Spawn Location: 5:00

Orcforged

  • Race: Zerg Zerg
  • League: Bronze
  • Spawn Location: 11:00

VOD

Have the link to the VOD?

Description

Time

  • Played on: Feb. 1, 2019, 8:42 p.m.
  • Length: 10:41
Show
View Real Time Build Order
Export as new Build Order

Smileblind Protoss - Winner!

Build Orders:  

Get SALT Encoding   

  12  0:01  Probe  
  13  0:13  Probe  
  14  0:20  Pylon  
  14  0:25  Probe  
  15  0:43  Gateway  
  15  0:46  Probe  
  16  0:52  Assimilator  
  16  0:54  Probe  
  16  1:03  Probe  
  17  1:05  Assimilator  
  18  1:15  Probe  
  19  1:20  Pylon  
  19  1:27  Probe  
  19  1:28  Zealot  
  20  1:33  Cybernetics Core  
  20  1:39  Probe  
  23  1:52  Probe  
  24  2:04  Stalker, Probe  
  24  2:05  Pylon  
  24  2:41  Probe  
  23  2:53  Warp Gate, Probe  
  23  2:56  Sentry  
  26  3:05  Probe, Pylon  
  27  3:21  Forge  
  27  3:22  Zealot  
  29  3:34  Gateway  
  29  3:35  Gateway  
  29  3:49  Zealot  
  29  3:50  Nexus  
  31  4:16  Zealot  
  33  4:23  Stalker  
  34  4:25  Photon Cannon  
  34  4:30  Probe  
  34  4:38  Probe  
  34  4:43  Zealot  
  37  4:47  Pylon  
  37  5:05  Probe  
  37  5:09  Twilight Council  
  37  5:12  Probe  
  37  5:13  Probe  
  40  5:22  Probe  
  40  5:24  Probe  
  40  5:25  Stargate  
  42  5:33  Photon Cannon  
  42  5:34  Probe  
  43  5:37  Probe  
  43  5:42  Probe  
  44  5:44  Photon Cannon  
  44  5:48  Charge  
  45  5:50  Probe  
  45  5:54  Protoss Ground Weapons Level 1  
  46  5:58  Protoss Air Weapons Level 1  
  46  6:09  Photon Cannon  
  46  6:13  Pylon  
  46  6:15  Oracle  
  49  6:22  Probe  
  50  6:34  Probe  
  50  6:38  Assimilator  
  51  6:41  Assimilator  
  51  6:42  Probe  
  51  6:46  Shield Battery, Probe  
  53  6:47  Shield Battery  
  53  6:52  Void Ray  
  57  6:58  Probe  
  58  7:02  Dark Shrine  
  58  7:07  Probe  
  59  7:15  Probe  
  60  7:25  Fleet Beacon, Probe  
  61  7:37  Probe  
  62  7:49  Probe  
  60  8:01  Probe  
  65  8:13  Probe  
  65  8:14  Carrier  
  65  8:19  Pylon  
  68  8:20  Pylon  
  68  8:26  Probe  
  69  8:33  Mothership  
  69  8:38  Probe  
  78  8:54  Pylon  
  78  8:55  Pylon x2  
  78  9:01  Dark Templar  
  78  9:02  Robotics Facility  
  80  9:09  Dark Templar  
  82  9:18  Gateway, Carrier  
  82  9:19  Gateway  
  88  9:35  Nexus  
  88  9:45  Gateway  
  88  9:46  Gateway  
  88  10:22  Photon Cannon  
  86  10:39  Shield Battery  
  86  10:41  Shield Battery  
Show
View Real Time Build Order
Export as new Build Order

Orcforged Zerg 

Build Orders: Pool First 

Get SALT Encoding   

  12  0:23  Spawning Pool  
  11  1:10  Zergling x2  
  11  1:11  Zergling x4  
  14  1:30  Extractor  
  13  1:49  Overlord  
  10  2:46  Zergling x2  
  10  2:48  Zergling x4  
  13  2:58  Hatchery  
  12  3:01  Zergling x2  
  13  3:10  Zergling x2  
  9  4:56  Roach Warren  
  9  4:59  Drone x3  
  11  5:01  Drone  
  11  5:02  Drone x2  
  14  5:10  Queen  
  16  5:27  Spore Crawler  
  15  5:32  Spine Crawler  
  14  5:37  Spore Crawler  
  14  5:38  Roach x3  
  19  5:58  Zergling x2  
  20  6:12  Overlord  
  20  6:36  Zergling x2  
  20  6:37  Zergling x8  
  25  6:41  Metabolic Boost  
  25  6:48  Roach  
  25  6:49  Overlord  
  25  6:50  Overlord  
  27  7:02  Drone  
  20  7:53  Drone x3  
  23  8:00  Queen  
  25  8:28  Hatchery  
  25  8:34  Zergling x8  
  25  8:36  Queen  
  25  8:37  Zergling x4  
  25  8:38  Zergling x2  
  33  9:06  Lair  
  33  9:27  Drone  
  27  10:25  Ravager  
Tags
 
Add a new tag
Caveats
  • Supply blocks, unpowered buildings, or Contaminate may cause inaccurate times.
  • Supply counts are checked every 10 seconds.